 Dungeon Crawl Stone Soup version 0.29-a0-495-g17b79114eb (webtiles) character file.

Game seed: 8705931421087733875

14172 siradein the Covert (level 11, -9/60 HPs)
             Began as a Vampire Brigand on May 27, 2022.
             Was a Believer of Hepliaklqana.
             Killed from afar by a gargoyle (10 damage)
             ... with a stone arrow
             ... on level 11 of the Dungeon on May 28, 2022.
             The game lasted 00:24:21 (13811 turns).

siradein the Covert (Vampire Brigand)              Turns: 13811, Time: 00:24:22

Health: -9/60      AC: 13    Str: 10    XL:     11   Next: 85%
Magic:  11/11      EV: 20    Int: 15    God:    Hepliaklqana [**....]
Gold:   598        SH:  0    Dex: 25    Spells: 10/10 levels left

rFire   . . .      SeeInvis +   p - +2 short sword (elec)
rCold   + + .      Faith    .   (no shield)
rNeg    + + +      Spirit   .   Q - +0 troll leather armour
rPois   ∞          Reflect  .   w - +2 helmet
rElec   .          Harm     .   c - +0 cloak
rCorr   .          Rampage  .   (no gloves)
Will    +....                   j - +0 pair of boots
Stlth   ++++++++..              (no amulet)
HPRegen 0.00/turn               G - +6 ring of dexterity
MPRegen 0.12/turn               B - +4 ring of protection

@: bloodless, inhibited regen
A: reduced essence, bloodless, fangs 3, see invisible, vampiric 2
a: Bat Form, Revivify, Renounce Religion, Recall Ancestor, Ancestor Identity


You were on level 11 of the Dungeon.
You worshipped Hepliaklqana.
Hepliaklqana was pleased with you.
You visited 1 branch of the dungeon, and saw 11 of its levels.
You also visited: Sewer.

You collected 598 gold pieces.

Inventory:

Hand Weapons
 p - a +2 short sword of electrocution (weapon)
 E - a +1 rapier of protection
 K - a +1 dagger of protection
 S - a +2 scimitar of flaming
Missiles
 d - 31 poisoned darts
 e - 3 curare-tipped darts
 l - 4 javelins
 y - 4 atropa-tipped darts
 L - 15 boomerangs (quivered)
Armour
 c - a +0 cloak (worn)
 j - a +0 pair of boots (worn)
 w - a +2 helmet (worn)
 Q - a +0 troll leather armour (worn)
Jewellery
 x - a ring of wizardry
 z - a ring of resist corrosion
 B - a +4 ring of protection (right hand)
 G - a +6 ring of dexterity (left hand)
 P - a ring of fire
 R - a ring of fire
Wands
 F - a wand of mindburst (14)
 N - a wand of paralysis (9)
 O - a wand of digging (4)
Scrolls
 a - 2 scrolls of immolation {unknown}
 b - 4 scrolls of enchant weapon {unknown}
 g - 7 scrolls of fear
 h - 5 scrolls of teleportation
 k - 3 scrolls of fog {unknown}
 o - 2 scrolls of magic mapping {unknown}
 s - 3 scrolls of acquirement {unknown}
 v - 5 scrolls of enchant armour {unknown}
 C - a scroll of poison
 D - a scroll of summoning
 J - a scroll of amnesia
Potions
 f - a potion of cancellation
 i - 2 potions of magic
 m - 3 potions of mutation
 n - 3 potions of heal wounds
 q - 2 potions of curing
 r - 6 potions of flight
 t - a potion of haste {unknown}
 u - 3 potions of attraction {unknown}
 A - 2 potions of brilliance {unknown}
 H - 2 potions of might {unknown}
 I - 2 potions of lignification {unknown}
 M - a potion of resistance {unknown}
 T - a potion of invisibility {unknown}


   Skills:
 + Level 8.2 Fighting
 + Level 9.8 Short Blades
 + Level 7.5 Throwing
 + Level 9.6 Dodging
 + Level 14.4 Stealth


You had 10 spell levels left.
You didn't know any spells.
Your spell library contained the following spells:

 Spells                   Type           Power      Damage    Failure   Level
 Apportation              Tloc           0%         N/A       36%         1
 Foxfire                  Conj/Fire      0%         2x1d4     36%         1
 Slow                     Hex            0%         N/A       36%         1
 Sting                    Tmut/Pois      0%         1d3       36%         1
 Poisonous Vapours        Pois/Air       0%         N/A       50%         2
 Conjure Flame            Conj/Fire      0%         6-21      73%         3
 Ignite Poison            Fire/Tmut/Pois 0%         N/A       73%         3
 Olgreb's Toxic Radiance  Pois           0%         N/A       98%         4
 Sticky Flame             Conj/Fire      0%         2d3       98%         4
 Alistair's Intoxication  Tmut/Pois      0%         N/A       100%        5


Dungeon Overview and Level Annotations

Branches:
Dungeon (11/15)            Temple (0/1) D:7            Lair (0/6) D:8
    Orc (0/2) D:9           Sewer (visited)

Altars:
Cheibriados
Hepliaklqana
Kikubaaqudgha
Makhleb
Nemelex Xobeh
Uskayaw
The Shining One

Annotations:
D:6 3 runed translucent doors, ptdevnull's ghost, novice OgTm


Innate Abilities, Weirdness & Mutations

Your life essence is reduced to manifest your ancestor. (-10% HP)
You do not regenerate when monsters are visible.
You are frail without blood (-20% HP).
You can heal yourself when you bite living creatures.
You are immune to poison.
You have razor-sharp teeth.
You have supernaturally acute eyesight. (SInv)
You are afflicted with vampirism and can become a bat while bloodless.


Message History

You bite the gargoyle, but do no damage.
The gargoyle is moderately damaged.
Fuq Yu points at the gargoyle and mumbles some strange words.
The gargoyle easily resists.
The gargoyle attacks as you move away! The gargoyle misses you.
The orc completely misses you.
Fuq Yu hits the gargoyle but does no damage.
You puncture the orc!
You kill the orc!
Fuq Yu hits the gargoyle but does no damage.
The gargoyle barely misses you.
Fuq Yu hits the gargoyle but does no damage.
You hit the gargoyle but do no damage.
The gargoyle is lightly damaged.
Fuq Yu gestures at the gargoyle while chanting.
The gargoyle easily resists.
You hit the gargoyle.
The gargoyle is moderately damaged.
The gargoyle misses you.
You hit the gargoyle but do no damage.
The gargoyle is moderately damaged.
Fuq Yu gestures at the gargoyle while chanting.
The gargoyle easily resists.
The gargoyle hurls a stone arrow at you.
The stone arrow misses you.
You hit the gargoyle but do no damage.
You bite the gargoyle, but do no damage.
The gargoyle is moderately damaged.
You hit the gargoyle but do no damage.
You bite the gargoyle, but do no damage.
The gargoyle is moderately damaged.
Fuq Yu hits the gargoyle with a +0 dagger of draining.
The gargoyle hurls a stone arrow at you.
The stone arrow hits you!!
* * * LOW HITPOINT WARNING * * *
Fuq Yu hits the gargoyle with a +0 dagger of draining.
Fuq Yu closely misses the gargoyle.
The gargoyle hurls a stone arrow at you.
The stone arrow hits you!
You die...

######.#
#).....# #)##
#)<# #).# #
#..#.# #).#.#.##
#######........
.......@.#(#.##
..######.#.#.###
#..)9R......
#.##.#.#.### #
#.#.#.. #.# #
#.# #.# #.#


You could see the friendly Fuq Yu the hexer and a gargoyle (ally target).

Vanquished Creatures
  Erica (D:10)
  A catoblepas (D:10)
  A centaur warrior (D:10)
  A two-headed ogre (D:8)
  An unseen horror (D:10)
  Prince Ribbit (D:5)
  A troll (D:10)
  A hornet (D:9)
  Sigmund (D:2)
  5 wyverns
  14 yaks
  A steam dragon (D:7)
  Edmund (D:6)
  An acid dragon (D:10)
  6 water moccasins
  8 orc warriors
  3 black bears
  An ice beast (D:7)
  2 ogres
  7 centaurs
  2 kobold brigands (D:10)
  A bullfrog (D:7)
  A necrophage (D:7)
  3 scorpions
  6 wights
  An electric eel (D:9)
  2 howler monkeys
  A vampire bat (D:4)
  A hound (D:5)
  2 jellies
  A gnoll shaman (D:7)
  12 orc priests
  Crazy Yiuf (D:2)
  Jessica (D:2)
  An iguana (D:6)
  11 orc wizards
  A merfolk avatar (Sewer)
  A merfolk siren (Sewer)
  9 gnolls
  6 adders
  6 river rats
  2 shadow imps
  2 white imps (D:6)
  2 ufetubi
  A worm (D:5)
  A dart slug (D:2)
  34 orcs
  10 ball pythons
  4 bat skeletons (D:4)
  2 bat zombies (D:4)
  3 endoplasms
  2 giant cockroaches (Sewer)
  12 goblins
  6 hobgoblins
  11 jackals (D:1)
  10 kobolds
  A quokka (Sewer)
  3 bats
  9 frilled lizards
  22 rats
265 creatures vanquished.

Vanquished Creatures (collateral kills)
  2 two-headed ogres
  6 yaks
  4 water moccasins
  An orc warrior (D:9)
  A sky beast (D:7)
  A bullfrog (D:9)
  2 howler monkeys (D:7)
  3 electric eels (D:9)
  An orc priest (D:8)
  3 orc wizards (D:9)
  9 orcs
  4 kobolds (D:10)
  A bush (D:8)
38 creatures vanquished.

Vanquished Creatures (others)
  A wight (D:9)
  4 hexers
  7 ancestors
  An orc (D:9)
  2 bushes (D:8)
  10 fungi
  23 plants
48 creatures vanquished.

Grand Total: 351 creatures vanquished

Notes
Turn   | Place    | Note
-------+----------+-------------------------------------------
     0 | D:1      | siradein the Vampire Brigand began the quest for the Orb.
     0 | D:1      | Reached XP level 1. HP: 16/16 MP: 1/1
    23 | D:1      | Got A Beginning Course on Thaumaturgy
    81 | D:1      | Found a faded altar of an unknown god.
   151 | D:1      | Reached skill level 6 in Stealth
   153 | D:1      | Reached XP level 2. HP: 16/22 MP: 2/2
   656 | D:2      | Gained mutation: You are afflicted with vampirism and can
                  | become a bat while bloodless. [Vampire growth]
   656 | D:2      | Reached XP level 3. HP: 27/27 MP: 3/3
   707 | D:2      | Noticed Sigmund
   741 | D:2      | Killed Sigmund
   742 | D:2      | Reached XP level 4. HP: 19/34 MP: 4/4
   742 | D:2      | Reached XP level 5. HP: 23/40 MP: 5/5
   936 | D:2      | Found a runed translucent door.
   937 | D:2      | Noticed Crazy Yiuf
  1145 | D:2      | Reached skill level 7 in Stealth
  1373 | D:2      | Noticed Jessica
  1382 | D:2      | Killed Jessica
  1485 | D:2      | Killed Crazy Yiuf
  1486 | D:2      | Reached XP level 6. HP: 47/47 MP: 6/6
  2248 | D:4      | Found an ancient bone altar of Kikubaaqudgha.
  3098 | D:5      | Entered Level 5 of the Dungeon
  3105 | D:5      | Reached XP level 7. HP: 52/52 MP: 7/7
  3129 | D:5      | Reached skill level 8 in Stealth
  3161 | D:5      | Noticed a wyvern
  3194 | D:5      | Killed a wyvern
  3270 | D:5      | Found a burning altar of Makhleb.
  3640 | D:5      | Found a snail-covered altar of Cheibriados.
  3680 | D:5      | Noticed Prince Ribbit
  4737 | D:5      | Killed Prince Ribbit
  4738 | D:5      | Reached skill level 5 in Short Blades
  4738 | D:5      | Reached skill level 9 in Stealth
  4738 | D:5      | Reached XP level 8. HP: 20/48 MP: 8/8
  5090 | D:6      | Reached skill level 5 in Dodging
  5303 | D:6      | Found a glowing drain.
  5355 | Sewer    | Entered a sewer
  6118 | D:6      | Found a hazy altar of Hepliaklqana.
  6290 | D:6      | Became a worshipper of Hepliaklqana the Forgotten
  6353 | D:6      | Noticed Edmund
  6387 | D:6      | Killed Edmund
  6907 | D:6      | Found a sparkling altar of Nemelex Xobeh.
  6929 | D:6      | Found a runed translucent gate.
  6930 | D:6      | Found a runed translucent gate.
  6961 | D:6      | Found a runed translucent gate.
  6962 | D:6      | Noticed a kobold demonologist
  6963 | D:6      | Noticed ptdevnull's ghost (novice OgTm)
  7074 | D:6      | Reached skill level 10 in Stealth
  7161 | D:6      | Reached skill level 5 in Fighting
  7517 | D:7      | Reached XP level 9. HP: 54/54 MP: 9/9
  7540 | D:7      | Found a hide-covered altar of Uskayaw.
  7674 | D:7      | You fall into a shaft and drop 2 floors!
  8180 | D:9      | Reached * piety under Hepliaklqana
  8217 | D:9      | Reached skill level 5 in Throwing
  8367 | D:8      | Noticed a two-headed ogre
  8445 | D:8      | HP: 2/47 [two-headed ogre/+0 giant club (7)]
  8445 | D:8      | Killed a two-headed ogre
  8446 | D:8      | Reached skill level 11 in Stealth
  8908 | D:8      | Found a staircase to the Lair.
  8933 | D:8      | Reached XP level 10. HP: 41/53 MP: 10/10
  9017 | D:8      | Reached skill level 12 in Stealth
  9591 | D:7      | Found a staircase to the Ecumenical Temple.
 10956 | D:8      | Noticed a two-headed ogre
 11328 | D:8      | Killed a two-headed ogre
 11329 | D:8      | Reached skill level 13 in Stealth
 11582 | D:8      | Reached ** piety under Hepliaklqana
 11583 | D:8      | Remembered your ancestor Fuq Yu as a hexer
 12005 | D:9      | Reached XP level 11. HP: 58/58 MP: 11/11
 12606 | D:9      | Found a staircase to the Orcish Mines.
 12890 | D:10     | Entered Level 10 of the Dungeon
 12981 | D:10     | Noticed a two-headed ogre
 12986 | D:10     | Noticed Erica
 12994 | D:10     | Killed a two-headed ogre
 13249 | D:10     | Noticed a centaur warrior
 13256 | D:10     | Killed Erica
 13257 | D:10     | Reached skill level 14 in Stealth
 13269 | D:10     | Killed a centaur warrior
 13528 | D:10     | Noticed a catoblepas
 13546 | D:10     | Killed a catoblepas
 13810 | D:11     | HP: 1/60 [gargoyle/stone arrow (18)]
 13811 | D:11     | Killed from afar by a gargoyle

Illustrated notes

Levels and vault maps discovered:
D:1:      dpeg_arrival_houses_and_road, layout_rooms,
          hellmonk_ecumenical_altar_pennies_from_heaven
D:2:      cheibrodos_greedy_goblins, layout_rooms, dk_noncrumbling_4,
          uniq_crazy_yiuf_cottage, uniq_sigmund, uniq_jessica
D:3:      layout_basic
D:4:      layout_gridville, kennysheep_vampire_church
D:5:      layout_basic, lemuel_crystal_altar, makhleb_heckhound_becter,
          uniq_prince_ribbit1
D:6:      layout_gridville, nzn_hepliaklqana_mist_gate,
          mainiacjoe_overflow_alcove_4, portal_sewer_entry_e,
          gammafunk_ghost_nasty_kobolds, uniq_edmund
D:7:      layout_basic, mainiacjoe_overflow_paths, minmay_temple_entry_crystal_x
D:8:      layout_loops_corners, mainiacjoe_overflow_24_doors,
          minmay_lair_entry_grove
D:9:      layout_loops_ring, erik_orc_2, water_boxes_lemuel
D:10:     layout_rooms, eino_tiny_chamber, uniq_erica
D:11:     layout_basic, serial_bayou_crossing

Skill      XL: |  1  2  3  4  5  6  7  8  9 10 11 |
---------------+----------------------------------+-----
Stealth        | 6 7 9 10 11 13 14 | 14.4
Fighting       | 2 3 4 5 6 7 8 |  8.2
Throwing       | 2 3 4 5 6 7 |  7.5
Short Blades   | 3 4 5 6 7 8 9 |  9.8
Dodging        | 2 3 4 5 7 8 9 |  9.6

Action                   |  1- 3 |  4- 6 |  7- 9 | 10-12 || total
-------------------------+-------+-------+-------+-------++-------
Melee: Dagger            |    88 |   142 |   535 |   180 ||   945
       Bite              |     3 |    10 |    74 |    90 ||   177
       Punch             |     1 |     2 |     8 |     4 ||    15
       Rapier            |       |       |    24 |       ||    24
       Short sword       |       |       |       |   346 ||   346
Throw: Dart              |     5 |       |       |       ||     5
       Boomerang         |       |       |       |    11 ||    11
Invok: Ancestor Identity |       |       |     1 |       ||     1
       Ancestor Life: He |       |       |       |     1 ||     1
 Abil: Exsanguinate      |       |       |     1 |       ||     1
       End Transformatio |       |       |     1 |       ||     1
       Bat Form          |       |       |     1 |       ||     1
  Use: Potion            |     2 |       |       |       ||     2
       Scroll            |       |     4 |       |     5 ||     9
 Stab: Sleeping          |     7 |    14 |    32 |    14 ||    67
       Confused          |       |       |       |     7 ||     7
       Distracted        |       |       |       |     4 ||     4
Armor: Robe              |    26 |    20 |       |       ||    46
       Leather armour    |       |    33 |   119 |    59 ||   211
       Troll leather arm |       |       |       |    24 ||    24
Dodge: Dodged            |    57 |   100 |   331 |   255 ||   743

Table legend: (Time is in decaauts)
 A = Elapsed time spent in this place.
 B = Non-inter-level travel time spent in this place.
 C = Inter-level travel time spent in this place.
 D = Time resting spent in this place.
 E = Time spent auto-exploring this place.
 F = Levels seen in this place.
 G = Mean time per level.
                   A        B        C        D        E       F      G
               +--------+--------+--------+--------+--------+-----+--------+
         Total |  13485 |  13016 |    469 |   2227 |   7605 |  12 | 1123.8 |
       Dungeon |  12786 |  12317 |    469 |   2227 |   7177 |  11 | 1162.4 |
         Sewer |    698 |    698 |      0 |      0 |    428 |   1 |  698.0 |
               +--------+--------+--------+--------+--------+-----+--------+

Top non-repeatable levels by time:
     D:8: 2597 daAuts
     D:6: 1711 daAuts
     D:9: 1523 daAuts
     D:4: 1389 daAuts
     D:5: 1334 daAuts
     D:7: 1052 daAuts
    D:10: 859 daAuts
     D:2: 855 daAuts
     D:3: 793 daAuts
   Sewer: 698 daAuts
     D:1: 645 daAuts
    D:11: 23 daAuts
